 Dungeon Crawl Stone Soup version 0.19-a0-607-g42021f0 (webtiles) character file.

270 georgeearnest the Skirmisher (level 6, -1/56 HPs)
             Began as a Hill Orc Fighter on June 12, 2016.
             Was an Initiate of Beogh.
             Slain by Grinder (3 damage)
             ... while paralysed by Grinder
             ... on level 4 of the Dungeon.
             The game lasted 00:05:41 (2855 turns).

georgeearnest the Skirmisher (Hill Orc Fighter)     Turns: 2855, Time: 00:05:43

Health: -1/56      AC:  7    Str: 20 (21) XL:     6   Next: 22%
Magic:  6/6        EV:  2    Int: 12 (13) God:    Beogh [......]
Gold:   109        SH:  0    Dex:  7 (10) Spells: 0 memorised, 5 levels left

rFire  . . .     SeeInvis .     a - +0 war axe
rCold  . . .     Gourm    .     b - +0 scale mail
rNeg   . . .     Faith    .     c - +0 shield
rPois  +         Spirit   .     (no helmet)
rElec  .         Dismiss  .     (no cloak)
rCorr  .         Reflect  .     (no gloves)
SustAt .         Harm     .     (no boots)
MR     .....                    s - amulet of rage
Stlth  ..........               (no ring)
                                t - ring of poison resistance

@: paralysed, brilliant, very slightly contaminated, not resistant to hostile
enchantments, extremely unstealthy
A: no striking features
a: Renounce Religion, Evoke Berserk Rage


You were on level 4 of the Dungeon.
You worshipped Beogh.
Beogh was noncommittal.
You were not hungry.

You visited 1 branch of the dungeon, and saw 4 of its levels.

You collected 109 gold pieces.

Inventory:

Hand Weapons
 a - a +0 war axe (weapon)
Armour
 b - a +0 scale mail (worn)
 c - a +0 shield (worn)
Jewellery
 s - an amulet of rage (around neck)
 t - a ring of poison resistance (left hand)
 v - an uncursed amulet of harm {unknown}
Wands
 p - a wand of slowing (21/48)
 q - a wand of confusion (27/48)
Scrolls
 g - a scroll of recharging {unknown}
 i - a scroll of teleportation {unknown}
 m - 2 scrolls of remove curse {unknown}
 n - 2 scrolls of identify {unknown}
 r - a scroll of random uselessness {unknown}
Potions
 d - a potion of might
 k - a potion of brilliance
 l - 2 potions of curing
Comestibles
 h - a meat ration
 o - a royal jelly


   Skills:
 + Level 5.0 Fighting
 + Level 4.2 Axes
 + Level 4.7 Armour
 + Level 1.7 Dodging
 + Level 4.2 Shields


You had 5 spell levels left.
You didn't know any spells.

Dungeon Overview and Level Annotations

Branches:
Dungeon (4/15)
 Temple: D:4-7

Altars:
Dithmenos

Shops:
D:4 %

Annotations:
D:4 Grinder


Message History

You can move again.
You block Grinder's attack.
You slash Grinder!
Grinder is almost dead.
You flicker back into view.
Grinder hits you.
Your shield and scale mail prevent you from hitting Grinder.
Grinder is almost dead.
Grinder gestures at you.
You suddenly lose the ability to move!
Grinder hits you.
* * * LOW HITPOINT WARNING * * *
You writhe in agony.
* * * LOW HITPOINT WARNING * * *
Grinder gestures at you. Pain shoots through your body!
* * * LOW HITPOINT WARNING * * *
Grinder hits you.
* * * LOW HITPOINT WARNING * * *
You writhe in agony.
You die...

#e# +# #.# . ...
####e# ... #....#
#.# #.#### #.# #)#
#.# #.# # #.# #.#
######.# #@#
.......#########5#
######...........#
# #.########..# #
#.# #..# # ###
#..# # #..# # #..#
# #..#


You could see Grinder.

Vanquished Creatures
  Dowan (D:4)
  A centaur skeleton (D:4)
  A worker ant (D:4)
  Robin (D:4)
  5 adders (D:3)
  3 worms
  4 dart slugs
  A giant gecko (D:2)
  4 orcs
  5 giant cockroaches
  9 goblins
  13 hobgoblins
  9 kobolds
  4 quokkas
  2 ball pythons
  14 bats
  7 giant newts
  8 rats
92 creatures vanquished.

Vanquished Creatures (others)
  An orc (D:3)
1 creature vanquished.

Grand Total: 93 creatures vanquished

Notes
Turn   | Place    | Note
--------------------------------------------------------------
     0 | D:1      | georgeearnest the Hill Orc Fighter began the quest for the Orb.
     0 | D:1      | Reached XP level 1. HP: 19/19 MP: 1/1
   178 | D:1      | Reached XP level 2. HP: 25/27 MP: 2/2
   203 | D:1      | Reached skill level 4 in Fighting
   552 | D:1      | Reached XP level 3. HP: 34/34 MP: 3/3
   880 | D:2      | Reached XP level 4. HP: 36/41 MP: 4/4
  1161 | D:3      | Reached skill level 1 in Dodging
  1201 | D:3      | Found a faded altar of an unknown god.
  1528 | D:3      | Found a shadowy altar of Dithmenos.
  1732 | D:3      | Reached XP level 5. HP: 40/47 MP: 5/5
  2214 | D:3      | Became a worshipper of Beogh the Brigand
  2667 | D:4      | Found Xypneucw's Food Boutique.
  2705 | D:4      | Noticed Robin
  2736 | D:4      | Killed Robin
  2800 | D:4      | Noticed Grinder
  2802 | D:4      | Noticed Dowan
  2813 | D:4      | Paralysed by Grinder for 7 turns
  2836 | D:4      | Paralysed by Grinder for 3 turns
  2847 | D:4      | Killed Dowan
  2847 | D:4      | Reached skill level 5 in Fighting
  2847 | D:4      | Reached XP level 6. HP: 28/56 MP: 6/6
  2848 | D:4      | Paralysed by Grinder for 3 turns
  2853 | D:4      | Paralysed by Grinder for 7 turns
  2855 | D:4      | HP: 2/56 [Grinder (6)]
  2855 | D:4      | Slain by Grinder

Vault maps used:
D:1:      dpeg_arrival_round_c, minmay_misc_feat_x, serial_park_tiny_2
D:3:      lemuel_crystal_altar, ecumenical_altar_1, grunt_ministairs_6,
          roderic_serpentine_path, lemuel_flame_loot_1
D:4:      corexii_shantytown, temple_fountains, serial_shops, shop_statue,
          portal_sewer_entry_b, uniq_blork_the_orc, uniq_duvessa, uniq_robin,
          uniq_grinder

Skill      XL: |  1  2  3  4  5 |
---------------+----------------+-----
Fighting       | 4 5 |  5.0
Axes           | 3 4 |  4.2
Dodging        | 1 |  1.7
Armour         | 4 |  4.7
Shields        | 4 |  4.2

Action                   |  1- 3 |  4- 6 || total
-------------------------+-------+-------++-------
Melee: War axe           |   140 |   203 ||   343
Invok: Convert to Beogh  |       |     1 ||     1
  Use: Potion            |       |     6 ||     6
 Stab: Invisible         |       |     1 ||     1
  Eat: Bread ration      |       |     2 ||     2
Armor: Scale mail        |    85 |    78 ||   163
       Skin              |       |    16 ||    16
Dodge: Dodged            |    62 |    58 ||   120
Block: Shield            |    79 |    85 ||   164
